 Dungeon Crawl Stone Soup version 0.29-a0-993-g4a18f31a58 (webtiles) character file.

Game seed: 18019534829270397847

3143 vurker the Grappler (level 9, 0/47 HPs)
             Began as a Vine Stalker Enchanter on Aug 2, 2022.
             Was a Believer of Makhleb.
             Slain by an orc warrior
             ... wielding a +0 scimitar
              (14 damage)
             ... on level 7 of the Dungeon.
             The game lasted 00:14:01 (6894 turns).

vurker the Grappler (Vine Stalker Enchanter)        Turns: 6894, Time: 00:14:01

Health: 0/47       AC:  9    Str: 16    XL:     9   Next: 93%
Magic:  0/13       EV: 12    Int: 21    God:    Makhleb [**....]
Gold:   267        SH:  5    Dex: 14    Spells: 12/12 levels left

rFire   . . .      SeeInvis .     - Unarmed
rCold   + . .      Faith    .   (no shield)
rNeg    . . .      Spirit   +   j - +0 ring mail {rC+}
rPois   .          Reflect  +   v - +2 helmet
rElec   .          Harm     .   (no cloak)
rCorr   .          Rampage  .   (no gloves)
Will    +....                   (no boots)
Stlth   ++........              e - amulet of reflection
HPRegen 0.95/turn               k - +6 ring of intelligence
MPRegen 0.13/turn               (no ring)

@: studying Throwing
A: fangs 3, regeneration 1, magic shield, antimagic bite, no potion heal 2
a: Renounce Religion, Minor Destruction


You were on level 7 of the Dungeon.
You worshipped Makhleb.
Makhleb was pleased with you.
You visited 2 branches of the dungeon, and saw 11 of its levels.

You collected 267 gold pieces.

Inventory:

Hand Weapons
 a - a +1 dagger of electrocution
   (You took it off a goblin on level 4 of the Dungeon)
Armour
 j - a +0 ring mail of cold resistance (worn)
   (You took it off an orc on level 4 of the Dungeon)
 v - a +2 helmet (worn)
   (You found it on level 6 of the Dungeon)
Jewellery
 e - an amulet of reflection (around neck)
   (You found it on level 5 of the Dungeon)
 k - a +6 ring of intelligence (left hand)
   (You found it on level 3 of the Dungeon)
Wands
 d - a wand of iceblast (6)
   (You found it on level 5 of the Dungeon)
 t - a wand of flame (17)
   (You found it on level 6 of the Dungeon)
Scrolls
 b - a scroll of butterflies
 f - 7 scrolls of vulnerability
 g - a scroll of summoning
 i - 2 scrolls of enchant armour {unknown}
 n - 3 scrolls of teleportation
 s - 2 scrolls of identify
Potions
 c - a potion of invisibility
 h - 3 potions of mutation
 l - 2 potions of berserk rage
 m - 3 potions of might
 o - 2 potions of resistance
 p - a potion of heal wounds
 q - 2 potions of lignification
 r - 3 potions of curing
 u - a potion of ambrosia
 w - a potion of attraction


   Skills:
 + Level 5.1 Fighting
 - Level 1.3 Short Blades
 + Level 4.0 Armour
 + Level 4.5 Dodging
 - Level 3.6 Stealth
 * Level 8.3 Unarmed Combat
 - Level 2.1 Spellcasting
 - Level 3.0 Hexes
 + Level 4.8 Invocations


You had 12 spell levels left.
You didn't know any spells.
Your spell library contained the following spells:

 Spells                   Type           Power      Damage    Failure   Level
 Ensorcelled Hibernation  Hex/Ice        16%        N/A       22%         2
 Confusing Touch          Hex            14%        N/A       22%         3
 Tukima's Dance           Hex            14%        N/A       22%         3
 Freeze                   Ice            8%         1d3       26%         1
 Sandblast                Erth           4%         2d4       26%         1
 Passwall                 Tmut/Erth      1%         N/A       36%         2
 Dazzling Flash           Conj/Hex       16%        N/A       38%         3
 Inner Flame              Hex/Fire       8%         N/A       38%         3
 Cause Fear               Hex            7%         N/A       58%         4
 Frozen Ramparts          Ice            4%         1d8       61%         3
 Ignite Poison            Fire/Tmut/Pois 2%         N/A       61%         3
 Mephitic Cloud           Conj/Pois/Air  2%         N/A       61%         3
 Stone Arrow              Conj/Erth      4%         3d7       61%         3
 Hailstorm                Conj/Ice       2%         3d3       95%         4
 Freezing Cloud           Conj/Ice/Air   1%         6-21      100%        5
 Discord                  Hex            7%         N/A       100%        8


Dungeon Overview and Level Annotations

Branches:
Dungeon (10/15)            Temple (1/1) D:4
   Lair: D:8-11         Orc: D:9-12

Altars:
Ashenzari
Dithmenos
Elyvilon
Fedhas
Gozag
Hepliaklqana
Kikubaaqudgha
Makhleb
Nemelex Xobeh
Okawaru
Qazlal
Ru
Sif Muna
Trog
Uskayaw
Vehumet
Wu Jian
Xom
Yredelemnul
The Shining One

Shops:
D:5 =(([*:(

Annotations:
D:3 1 runed translucent door, vurker's ghost, amateur FoHu
Temple 2 transporters


Innate Abilities, Weirdness & Mutations

You have razor-sharp teeth.
Your natural rate of healing is unusually fast.
When hurt, damage is shared between your health and your magic reserves.
Your bite disrupts and absorbs the magic of your enemies.
Potions cannot restore your health.


Message History

Your Armour skill increases to level 4!
You see here a water moccasin corpse.
You hit the orc warrior.
You bite the orc warrior, but do no damage.
You block the orc warrior's attack.
You barely miss the orc warrior. Your punch misses the orc warrior.
You hit the orc warrior but do no damage.
The orc warrior barely misses you.
You barely miss the orc warrior. The orc warrior completely misses you.
You hit the orc warrior but do no damage.
You bite the orc warrior, but do no damage.
The orc priest invokes the aid of Beogh against you.
Beogh smites you! You block the orc warrior's attack.
You punch the orc warrior!
You bite the orc warrior, but do no damage.
The orc warrior hits you with a +0 flail!
* * * LOW HITPOINT WARNING * * *
You hit the orc warrior but do no damage.
Your bite misses the orc warrior.
The orc priest calls upon Beogh to heal the orc warrior.
The orc warrior closely misses you.
You barely miss the orc warrior. You bite the orc warrior. You drain its power.
You feel invigorated.
You closely miss the orc warrior. You bite the orc warrior.
You drain its power.
You feel invigorated.
The orc warrior hits you with a +0 flail.
You hit the orc warrior. The orc warrior closely misses you.
You completely miss the orc warrior. You bite the orc warrior!
You drain its power.
You feel invigorated. You block the orc warrior's attack.
The orc priest invokes the aid of Beogh against you.
Beogh smites you!
* * * LOW HITPOINT WARNING * * *
You hit the orc warrior. The orc warrior misses you.
You hit the orc warrior but do no damage.
You punch the orc warrior.
You kill the orc warrior!
Makhleb accepts your kill.
You feel better.
The orc priest invokes the aid of Beogh against you.
Beogh smites you!
* * * LOW HITPOINT WARNING * * *
You barely miss something. You punch something! Your punch misses something.
Your bite misses something. You closely miss the orc warrior.
You bite the orc warrior, but do no damage.
You hit the orc warrior. Your bite misses the orc warrior.
An orc wizard appears from thin air!
Reactivating autopickup.
The orc warrior hits you with a +0 scimitar!!
You die...

#..# ####..### #.......#
#.......# ###
#.......############.#####
#......ooo.......).......#
#.....o.#.o..........#....
#.......#o#########..#...#
#.....{o#@# #..##.##
>........o.##.# #..##.#
....#..o#.....# #))##.#
... ##.....#### ##)#.#.##
#. #....## #))).....
#.#.## ###......#. #.#.#
#......###. #.... #......#
#. .........# #.


You could see an orc warrior, an orc priest, an orc wizard and an orc.

Vanquished Creatures
  2 water moccasins
  A sky beast (D:6)
  2 ice beasts (D:6)
  An orc warrior (D:7)
  An ogre (D:5)
  A hornet zombie (D:6)
  6 phantoms
  2 centaurs (D:6)
  2 kobold brigands
  A necrophage (D:7)
  3 bullfrogs
  Blork the orc (D:4)
  3 water moccasin zombies (D:6)
  A wyvern skeleton (D:6)
  A howler monkey (D:5)
  2 centaur zombies (D:6)
  4 bullfrog zombies (D:6)
  A bullfrog skeleton (D:6)
  4 orc priests
  A gnoll bouda (D:3)
  3 hounds
  2 jellies (D:7)
  5 iguanas
  Terence (D:2)
  Natasha (twice) (D:2)
  4 orc wizards
  A howler monkey zombie (D:6)
  3 gnolls
  5 adders
  A shadow imp (D:5)
  3 white imps (D:6)
  An ufetubus (D:5)
  A worm (D:4)
  3 dart slugs
  21 orcs
  12 ball pythons
  5 bats
  6 endoplasms
  5 giant cockroaches
  6 goblins
  4 hobgoblins
  23 kobolds
  7 quokkas
  3 frilled lizards (D:1)
  4 rats
171 creatures vanquished.

Vanquished Creatures (others)
  2 fungi (D:2)
  30 plants
  2 withered plants (D:6)
34 creatures vanquished.

Grand Total: 205 creatures vanquished

Notes
Turn   | Place    | Note
-------+----------+-------------------------------------------
     0 | D:1      | vurker the Vine Stalker Enchanter began the quest for the
                  | Orb.
     0 | D:1      | Reached XP level 1. HP: 9/9 MP: 4/4
    18 | D:1      | Reached skill level 1 in Short Blades
   226 | D:1      | Reached XP level 2. HP: 14/14 MP: 4/6
   235 | D:1      | Reached skill level 1 in Unarmed Combat
   648 | D:1      | Reached XP level 3. HP: 9/17 MP: 7/7
   840 | D:1      | Reached skill level 1 in Fighting
   950 | D:1      | Reached skill level 2 in Unarmed Combat
  1471 | D:2      | Found a sacrificial altar of Ru.
  1537 | D:2      | Noticed Natasha
  1553 | D:2      | Killed Natasha
  1554 | D:2      | Gained mutation: Your natural rate of healing is unusually
                  | fast. [Vine Stalker growth]
  1554 | D:2      | Reached XP level 4. HP: 3/22 MP: 3/8
  1878 | D:2      | Noticed Natasha
  1881 | D:2      | Noticed Terence
  1892 | D:2      | Killed Natasha
  1893 | D:2      | Reached skill level 3 in Unarmed Combat
  1930 | D:2      | Killed Terence
  1931 | D:2      | Reached XP level 5. HP: 21/26 MP: 4/9
  1985 | D:2      | Found a faded altar of an unknown god.
  2334 | D:3      | HP: 1/26 [iguana (4)]
  2907 | D:3      | Found a runed translucent door.
  2909 | D:3      | Noticed vurker's ghost (amateur FoHu)
  3374 | D:4      | Reached skill level 4 in Unarmed Combat
  3374 | D:4      | Reached XP level 6. HP: 14/31 MP: 5/10
  3508 | D:4      | Found a staircase to the Ecumenical Temple.
  3551 | Temple   | Entered the Ecumenical Temple
  3551 | Temple   | Found a transporter.
  3551 | Temple   | Found a transporter.
  3555 | Temple   | Found a transporter.
  3555 | Temple   | Found a transporter.
  3571 | Temple   | Became a worshipper of Makhleb the Destroyer
  3810 | D:3      | Reached skill level 1 in Armour
  3931 | D:4      | Noticed Blork the orc
  3955 | D:4      | Killed Blork the orc
  4078 | D:5      | Entered Level 5 of the Dungeon
  4078 | D:5      | Found Peps's Weapon Shop.
  4240 | D:5      | Reached skill level 1 in Invocations
  4263 | D:5      | Reached XP level 7. HP: 35/35 MP: 7/11
  4267 | D:5      | Found Fobesolinn's General Store.
  4329 | D:4      | Reached skill level 5 in Unarmed Combat
  4824 | D:5      | Reached * piety under Makhleb
  5039 | D:5      | Found Sucluote's Weapon Boutique.
  5039 | D:5      | Found Baplux's Jewellery Boutique.
  5040 | D:5      | Found Vienoew's Antique Armour Boutique.
  5042 | D:5      | Found Hezxubi's Antique Weapon Boutique.
  5062 | D:5      | Found a sparkling altar of Nemelex Xobeh.
  5065 | D:5      | Found a shimmering blue altar of Sif Muna.
  5224 | D:5      | Found Poodd's Book Shoppe.
  5554 | D:6      | Gained mutation: You have razor-sharp teeth. [Vine Stalker
                  | growth]
  5554 | D:6      | Reached XP level 8. HP: 37/40 MP: 10/12
  5631 | D:6      | Reached skill level 6 in Unarmed Combat
  5760 | D:6      | Reached XP level 9. HP: 37/45 MP: 10/13
  5859 | D:6      | Reached skill level 7 in Unarmed Combat
  5993 | D:6      | Reached ** piety under Makhleb
  6340 | D:7      | You fall into a shaft and drop 3 floors!
  6340 | D:10     | Entered Level 10 of the Dungeon
  6524 | D:8      | Noticed an elephant
  6650 | D:7      | Reached skill level 8 in Unarmed Combat
  6809 | D:7      | Reached skill level 5 in Fighting
  6894 | D:7      | Slain by an orc warrior

Illustrated notes

Levels and vault maps discovered:
D:1:      dpeg_arrival_houses_and_road, layout_rooms, lexackson_kobold_supper
D:2:      layout_basic, basic_altar,
          dreamdust_ecumenical_altar_hidden_monk_grotto, uniq_terence,
          uniq_natasha
D:3:      cheibrodos_helix_gallery, layout_basic, ebering_ghost_sewer_d,
          grunt_ministairs_1, kennysheep_cross_bottleneck
D:4:      layout_loops_ring, temple_fountains, lemuel_old_faithful,
          uniq_blork_the_orc
D:5:      layout_basic, nicolae_overflow_squiral, serial_shops,
          nicolae_shop_hallway_stairs, shop, shop, minmay_shop_grid_forest
D:6:      layout_rooms, serial_undead, serial_undead_e, serial_undead_e,
          serial_undead_d, serial_undead_a, serial_undead_a, serial_undead_e,
          serial_undead_e, roderic_roman_lattice, minmay_manual_mares
D:7:      layout_loops_ring
D:8:      wad_woods_stonehenge, layout_loops_ring, uniq_joseph
D:9:      layout_roguey [special_room_bee], zin_purify, uniq_erolcha
D:10:     layout_basic, erik_orc_2, st_stairs_8, dreamdust_deal_with_the_devil
Temple:   hellmonk_temple_divided_pantheon

Skill      XL: |  1  2  3  4  5  6  7  8  9 |
---------------+----------------------------+-----
Short Blades   | 1 |  1.3
Unarmed Combat | 1 2 3 4 5 6 8 |  8.3
Fighting       | 1 2 3 4 5 |  5.1
Dodging        | 2 3 4 |  4.5
Armour         | 1 2 3 4 |  4.0
Invocations    | 1 2 3 4 |  4.8
Stealth        | |  3.6
Spellcasting   | |  2.1
Hexes          | |  3.0

Action                   |  1- 3 |  4- 6 |  7- 9 || total
-------------------------+-------+-------+-------++-------
Melee: Dagger            |   119 |   314 |   192 ||   625
       Bite              |    33 |    98 |   135 ||   266
       Punch             |     1 |    11 |    22 ||    34
       Unarmed           |       |       |   277 ||   277
  Use: Potion            |       |     1 |       ||     1
       Scroll            |       |    12 |     8 ||    20
 Stab: Sleeping          |     3 |     1 |       ||     4
       Invisible         |       |     1 |       ||     1
Armor: Robe              |    17 |       |       ||    17
       Ring mail         |     8 |    26 |   147 ||   181
       Chain mail        |       |   100 |       ||   100
Dodge: Dodged            |    49 |   108 |   224 ||   381
Block: Other             |       |     7 |    85 ||    92
       Reflection        |       |       |     1 ||     1

Table legend: (Time is in decaauts)
 A = Elapsed time spent in this place.
 B = Non-inter-level travel time spent in this place.
 C = Inter-level travel time spent in this place.
 D = Time resting spent in this place.
 E = Time spent auto-exploring this place.
 F = Levels seen in this place.
 G = Mean time per level.
                   A        B        C        D        E       F      G
               +--------+--------+--------+--------+--------+-----+--------+
         Total |   6831 |   6536 |    295 |    143 |   4621 |  11 |  621.0 |
       Dungeon |   6797 |   6514 |    283 |    143 |   4613 |  10 |  679.7 |
        Temple |     34 |     22 |     12 |      0 |      8 |   1 |   34.0 |
               +--------+--------+--------+--------+--------+-----+--------+

Top non-repeatable levels by time:
     D:3: 1454 daAuts
     D:1: 1396 daAuts
     D:5: 993 daAuts
     D:4: 919 daAuts
     D:6: 775 daAuts
     D:2: 690 daAuts
     D:7: 332 daAuts
     D:9: 167 daAuts
     D:8: 44 daAuts
  Temple: 34 daAuts
    D:10: 22 daAuts
